 Dungeon Crawl Stone Soup version 0.31-a0-271-gb88eb75e06 (webtiles) character file.

Game seed: 18314999714805918018

408 Shard1697 the Conjurer (level 6, 0/45 HPs)
             Began as a Draconian Hedge Wizard on July 14, 2023.
             Slain by a lemure (5 damage)
             ... led by Pikel
             ... on level 4 of the Dungeon.
             The game lasted 00:06:59 (3587 turns).

Shard1697 the Conjurer (Draconian Hedge Wizard)     Turns: 3587, Time: 00:07:00

Health: 0/45       AC:  6    Str: 12    XL:     6   Next: 57%
Magic:  11/11      EV: 12    Int: 17    God:
Gold:   101        SH:  0    Dex: 10    Spells: 6/12 levels left

rFire   . . .        d - +0 long sword
rCold   . . .        (no shield)
rNeg    . . .        (body armour unavailable)
rPois   .            b - +0 hat
rElec   .            (no cloak)
rCorr   .            (no gloves)
SInv    .            (no boots)
Will    .....        (no amulet)
Stlth   ++           (no ring)
HPRegen 0.27/turn    (no ring)
MPRegen 0.12/turn

%: no passive effects
@: on berserk cooldown, slowed, very slow
A: AC +6, unfitting armour, cold-blooded
a: no special abilities


You were on level 4 of the Dungeon.
You visited 1 branch of the dungeon, and saw 5 of its levels.

You collected 101 gold pieces.

Inventory:

Hand Weapons
 a - a +0 dagger
 d - a +0 long sword (weapon)
Armour
 b - a +0 hat (worn)
Magical Staves
 g - a staff of air
Wands
 l - a wand of light (7)
Scrolls
 e - 2 scrolls of enchant armour {unknown}
 h - 2 scrolls of teleportation {unknown}
 i - 2 scrolls of identify {unknown}
 k - a scroll of fear {unknown}
Potions
 c - a potion of magic
 f - a potion of heal wounds {unknown}


   Skills:
 - Level 1.7 Dodging
 - Level 1.7 Stealth
 + Level 3.6 Spellcasting
 + Level 4.7 Conjurations
 - Level 4.1 Summonings
 - Level 1.0 Translocations
 + Level 1.1 Earth Magic


You had 6 spell levels left.
You knew the following spells:

 Your Spells              Type           Power      Damage    Failure   Level
a - Magic Dart            Conj           76%        1d6       2%          1
b - Call Imp              Summ           34%        N/A       4%          2
c - Stone Arrow           Conj/Erth      24%        3d8       16%         3

Your spell library contained the following spells:

 Spells                   Type           Power      Damage    Failure   Level
 Blink                    Tloc           12%        N/A       16%         2
 Slow                     Hex            12%        N/A       17%         1
 Hailstorm                Conj/Ice       11%        3d5       19%         3
 Cigotuvi's Dreadful Rot  Necr/Pois/Air  6%         N/A       26%         2
 Mephitic Cloud           Conj/Pois/Air  8%         N/A       26%         3
 Summon Ice Beast         Ice/Summ       10%        N/A       56%         4
 Simulacrum               Ice/Necr       1%         N/A       100%        6
 Lehudib's Crystal Spear  Conj/Erth      6%         10d3      100%        8
 Animate Armour           Summ/Erth      Unusable   N/A       N/A         4

Dungeon Overview and Level Annotations

Branches:
Dungeon (5/15)
 Temple: D:4-7

Altars:
Fedhas

Annotations:
D:4 Pikel


Innate Abilities, Weirdness & Mutations

Your plain brown scales are hard. (AC +6)
You cannot fit into any form of body armour.
You are cold-blooded and may be slowed by cold attacks.


Message History

The iguana bites you.
* * * LOW HITPOINT WARNING * * *
You hit the iguana. You tail-slap the iguana.
You kill the iguana!
Your cerulean imp misses the adder.
Your Earth Magic skill increases to level 1!
You hit the adder.
The adder is severely wounded.
The adder closely misses you.
Your cerulean imp closely misses the adder.
The adder bites you but does no damage.
You hit the adder but do no damage.
Your tail-slap misses the adder.
The adder is severely wounded.
Your cerulean imp closely misses the adder.
The adder bites you.
* * * LOW HITPOINT WARNING * * *
You barely miss the adder.
The adder is severely wounded.
Your cerulean imp closely misses the adder.
The adder bites you but does no damage.
You slash the adder!
You kill the adder!
Your cerulean imp hits the phantom from afar with a -3 spear.
The phantom hits you but does no damage.
You swap places.
You see here an iguana corpse.
You feel a strong urge to attack something.
The adder hisses angrily.
You hear an angry hiss.
An adder comes into view.
Your cerulean imp completely misses the phantom.
The phantom hits your cerulean imp.
The phantom blinks!
Your cerulean imp blinks!
You feel your anger nearly subside.
You are no longer berserk.
You are exhausted.
You feel yourself slow down.
There is a stone staircase leading up, spattered with blood here.
You climb upwards.
Level annotation: Pikel The lemure hits you.
You die...

######## #.....@#
#####.5# #...#
####.#.#
###########......#
.#.......#.###.#####
.#.#######.#.......#
.#<[# #.#.#.###.#
.#..# #.......#.###


You could see a lemure.

Vanquished Creatures
  A water moccasin (D:3)
  A lemure (D:4)
  2 orc priests (D:3)
  2 iguanas
  Natasha (thrice) (D:2)
  An adder (D:5)
  2 worms
  2 dart slugs (D:3)
  9 orcs
  8 ball pythons
  3 endoplasms (D:3)
  A giant cockroach (D:4)
  3 goblins
  4 hobgoblins
  2 jackals (D:1)
  6 quokkas
  4 bats
  4 frilled lizards (D:1)
  8 kobolds
  6 rats
72 creatures vanquished.

Vanquished Creatures (collateral kills)
  A worm (D:2)
  3 orcs (D:3)
  A bat (D:3)
  2 endoplasms
  A giant cockroach (D:3)
  A hobgoblin (D:2)
  2 kobolds
  A ball python (D:2)
  2 rats (D:2)
14 creatures vanquished.

Grand Total: 86 creatures vanquished

Notes
Turn   | Place    | Note
-------+----------+-------------------------------------------
     0 | D:1      | Shard1697 the Draconian Hedge Wizard began the quest for
                  | the Orb.
     0 | D:1      | Reached XP level 1. HP: 14/14 MP: 4/4
   180 | D:1      | Reached XP level 2. HP: 16/20 MP: 1/6
   231 | D:1      | Learned a level 2 spell: Call Imp
   957 | D:2      | Found a faded altar of an unknown god.
   977 | D:2      | Reached XP level 3. HP: 26/26 MP: 7/7
  1486 | D:2      | Noticed Natasha
  1491 | D:3      | Noticed a water moccasin
  1606 | D:3      | HP: 1/26 [orc priest/+0 hand axe (5)]
  1608 | D:3      | Reached XP level 4. HP: 1/33 MP: 4/8
  1970 | D:3      | Found a blossoming altar of Fedhas.
  2071 | D:3      | Killed a water moccasin
  2072 | D:3      | Reached XP level 5. HP: 19/38 MP: 1/9
  2191 | D:3      | Learned a level 3 spell: Stone Arrow
  2755 | D:2      | Killed Natasha
  2756 | D:2      | Reached XP level 6. HP: 19/45 MP: 4/10
  2761 | D:2      | Noticed Natasha
  2768 | D:2      | Killed Natasha
  2982 | D:2      | Noticed Natasha
  2989 | D:2      | Killed Natasha
  3131 | D:4      | Noticed Pikel
  3557 | D:5      | Entered Level 5 of the Dungeon
  3576 | D:5      | Reached skill level 1 in Earth Magic
  3577 | D:5      | HP: 3/67 [adder (2)]
  3587 | D:4      | Slain by a lemure

Illustrated notes

Levels and vault maps discovered:
D:1:      eino_arrival_water_star, layout_basic
D:2:      layout_basic, basic_ecumenical_altar, uniq_natasha
D:3:      layout_loops_ring, fedhas_altar_3
D:4:      layout_basic, grunt_temple_overflow_octagram, uniq_pikel,
          uniq_crazy_yiuf_cottage
D:5:      layout_basic, marbit_many_paths, minmay_temple_entry_junction,
          serial_shops, nicolae_stop_n_shop_2, chequers_arboretum

Skill      XL: |  1  2  3  4  5  6 |
---------------+-------------------+-----
Conjurations   | 2 4 |  4.7
Summonings     | 2 4 |  4.1
Earth Magic    | 1 |  1.1
Dodging        | |  1.7
Stealth        | |  1.7
Spellcasting   | |  3.6
Translocations | |  1.0

Action                     |  1- 3 |  4- 6 || total
---------------------------+-------+-------++-------
  Melee: Long sword        |    98 |   131 ||   229
         Tailslap          |     4 |    15 ||    19
         Punch             |     2 |     2 ||     4
   Cast: Magic Dart        |    23 |    28 ||    51
         Call Imp          |     7 |    18 ||    25
    Use: Potion            |     1 |     2 ||     3
   Stab: Sleeping          |     1 |     2 ||     3
 Armour: Skin              |    31 |    60 ||    91
  Dodge: Dodged            |    70 |    95 ||   165

Table legend: (Time is in decaauts)
 A = Elapsed time spent in this place.
 B = Non-inter-level travel time spent in this place.
 C = Inter-level travel time spent in this place.
 D = Time resting spent in this place.
 E = Time spent auto-exploring this place.
 F = Levels seen in this place.
 G = Mean time per level.
                   A        B        C        D        E       F      G
               +--------+--------+--------+--------+--------+-----+--------+
         Total |   3680 |   3542 |    138 |    512 |   2131 |   5 |  736.0 |
       Dungeon |   3680 |   3542 |    138 |    512 |   2131 |   5 |  736.0 |
               +--------+--------+--------+--------+--------+-----+--------+

Top non-repeatable levels by time:
     D:3: 1096 daAuts
     D:1: 948 daAuts
     D:2: 851 daAuts
     D:4: 753 daAuts
     D:5: 31 daAuts
